 Dungeon Crawl Stone Soup version 0.24-a0-307-gf989941 (webtiles) character file.

Game seed: 14793985747244253529

128 mhoghedin the Poker (level 4, -11/36 HPs)
             Began as a Demigod Skald on May 13, 2019.
             Mangled by Menkaure (23 damage)
             ... on level 4 of the Dungeon.
             The game lasted 00:04:06 (2526 turns).

mhoghedin the Poker (Demigod Skald)                 Turns: 2526, Time: 00:04:07

Health: -11/36     AC:  3    Str: 25    XL:     4   Next: 57%
Magic:  7/9        EV: 12    Int: 22    God:
Gold:   104        SH:  0    Dex: 15    Spells: 3/6 levels left

rFire    . . .     SeeInvis .   a - +0 spear
rCold    . . .     Gourm    .   (no shield)
rNeg     . . .     Faith    .   b - +0 leather armour
rPois    .         Spirit   .   (no helmet)
rElec    .         Reflect  .   (no cloak)
rCorr    .         Harm     .   (no gloves)
MR       .....                  (no boots)
Stlth    +.........             (no amulet)
HPRegen  0.12/turn              k - +4 ring of strength
MPRegen  0.11/turn              (no ring)

@: mighty, brilliant
A: high mp 1
a: no special abilities


You were on level 4 of the Dungeon.
You were hungry.

You visited 1 branch of the dungeon, and saw 4 of its levels.

You collected 104 gold pieces.

Inventory:

Hand Weapons
 a - a +0 spear (weapon)
 m - a -1 hand axe
   (You found it on level 2 of the Dungeon)
Armour
 b - a +0 leather armour (worn)
Jewellery
 k - a +4 ring of strength (left hand)
   (You found it on level 1 of the Dungeon)
Scrolls
 c - 2 scrolls of remove curse
 e - 2 scrolls of fear
 i - a scroll of teleportation
 j - 2 scrolls of amnesia
 n - a scroll of enchant weapon {unknown}
Potions
 f - a potion of might
 h - 2 potions of berserk rage {unknown}
Comestibles
 d - 5 rations
 g - 2 chunks of flesh {@w0}


   Skills:
 - Level 1.7 Fighting
 - Level 4.0 Polearms
 - Level 0.8 Armour
 - Level 1.7 Dodging
 - Level 1.7 Spellcasting
 + Level 1.4 Hexes
 + Level 3.1 Charms


You had 3 spell levels left.
You knew the following spells:

 Your Spells              Type           Power        Failure   Level  Hunger
z - Spectral Weapon       Hex/Chrm       ####....     2%          3    ###....

Your spell library contained the following spells:

 Spells                   Type           Power        Failure   Level  Hunger
 Infusion                 Chrm           ####         1%          1    #......
 Shroud of Golubria       Chrm/Tloc      ###.......   1%          2    ###....
 Song of Slaying          Chrm           ####....     1%          2    ###....
 Regeneration             Chrm/Necr      ###.......   3%          3    ###....


Dungeon Overview and Level Annotations

Branches:
Dungeon (4/15)
 Temple: D:4-7

Annotations:
D:4 Menkaure


Innate Abilities, Weirdness & Mutations

You have an increased reservoir of magic. (+10% MP)


Message History

You start resting.
Eating one of 3 chunks of flesh {@w0}.
You eat one of the 3 chunks of flesh {@w0}.
You see here a +0 club.
There is an open door here.
You see here a scale mail.
A giant cockroach comes into view.
A giant cockroach is nearby!
Health restored: 36; MP restored: 9 Unknown command.
Okay, then.
Unknown command.
You miscast Spectral Weapon.
You are very lightly contaminated with residual magic.
Your skin tingles.
You now have 6/9 mp.
You draw out your weapon's spirit!
You now have 3/9 mp.
You barely miss the giant cockroach.
Your spectral weapon closely misses the giant cockroach.
The giant cockroach misses you.
You barely miss the giant cockroach.
Your spectral weapon hits the giant cockroach from afar.
You kill the giant cockroach!
No target in view!
Found a stone staircase leading up.
Your spectral weapon fades away.
Done exploring.
You regained 2 mp, and now have 6/9 mp.
No target in view!
No target in view!
Done exploring.
Done exploring.
(D) Dungeon
Where to? (Enter - D:3, ? - help)
Your magical contamination has completely faded away.
Done exploring.
Done exploring.
(D) Dungeon
Where to? (Enter - D:4, ? - help)
You open the door.
There is an open door here.
There is a stone staircase leading down here.
You climb downwards.
There is a stone staircase leading up here.
n - a scroll labeled JYFESHYSTY MP restored: 9 Menkaure, Prince of Dust comes into view.
Menkaure shouts!
You hear a shout!
Menkaure gestures wildly while chanting.
Menkaure seems to speed up.
Okay, then.
Unknown command.
It was a potion of might.
You feel very mighty all of a sudden.
An orc priest comes into view.
An iguana comes into view.
The iguana hisses angrily.
You draw out your weapon's spirit!
You now have 6/9 mp.
Menkaure points at you and mumbles some strange words.
Pain shoots through your body! Menkaure casts a spell at you.
Pain shoots through your body!
You take 21 damage, and have 15/36 hp.
MASSIVE DAMAGE!!
Attack whom?
Aim: Menkaure (fast)
You reach to attack!
You completely miss Menkaure.
Attack whom?
Aim: Menkaure (fast)
You hit Menkaure.
Your spectral weapon hits Menkaure from afar.
Menkaure blazes with dark energy!
Menkaure points at you and mumbles some strange words.
Pain shoots through your body!
* * * LOW HITPOINT WARNING * * *
You take 12 damage, and have 3/36 hp.
MASSIVE DAMAGE!!
It was a potion of brilliance.
You feel clever all of a sudden. Menkaure closely misses you.
Menkaure hits your spectral weapon.
Your spectral weapon shares its damage with you!
* * * LOW HITPOINT WARNING * * *
A leopard gecko skeleton comes into view.
You take 2 damage, and have 1/36 hp.
Wield which item (- for none, * to show all)? (? for menu, Esc to quit)
Okay, then.
Unknown command.
Sorry, you're not good enough to have a special ability.
It was a potion of curing.
You feel better. Menkaure hits your spectral weapon!
Your spectral weapon shares its damage with you!
Your spectral weapon fades away.
* * * LOW HITPOINT WARNING * * *
Menkaure mumbles, "Let me perform the rites..."
You regained 2 hp, and now have 3/36 hp.
You feel better.
You are feeling hungry.
Menkaure hits you!!
Ouch! That really hurt!
You die...

## ##.##
##.#####...##
.l...!......###o
#....M....
#l#.#####.
#M########...
#.@..<.Z...#
#########.##


You could see Menkaure, an iguana and a leopard gecko skeleton.

Vanquished Creatures
  5 adders
  A worm (D:2)
  5 dart slugs
  A leopard gecko (D:1)
  3 ball pythons (D:2)
  5 giant cockroaches
  8 goblins
  9 hobgoblins
  3 jackals (D:3)
  A quokka (D:3)
  10 bats
  8 frilled lizards
  3 kobolds
  6 rats
68 creatures vanquished.

Vanquished Creatures (others)
  A spectral weapon (D:4)
1 creature vanquished.

Grand Total: 69 creatures vanquished

Notes
Turn   | Place    | Note
-------+----------+-------------------------------------------
     0 | D:1      | mhoghedin the Demigod Skald began the quest for the Orb.
     0 | D:1      | Reached XP level 1. HP: 17/17 MP: 5/5
    36 | D:1      | Reached skill level 2 in Polearms
   655 | D:1      | Reached XP level 2. HP: 24/24 MP: 7/7
  1060 | D:1      | Reached skill level 3 in Polearms
  1293 | D:2      | Reached XP level 3. HP: 26/29 MP: 3/8
  1413 | D:2      | Found a basalt altar of Yredelemnul.
  1491 | D:2      | Found a glowing silver altar of Zin.
  1587 | D:2      | Found an ornate altar of the Wu Jian Council.
  1755 | D:2      | Learned a level 3 spell: Spectral Weapon
  1800 | D:3      | Reached skill level 4 in Polearms
  1825 | D:3      | Reached XP level 4. HP: 32/36 MP: 7/9
  1976 | D:3      | Reached skill level 1 in Hexes
  1976 | D:3      | Reached skill level 3 in Charms
  2222 | D:3      | Found a stormy altar of Qazlal.
  2222 | D:3      | Found a faded altar of an unknown god.
  2228 | D:3      | Found a shadowy altar of Dithmenos.
  2233 | D:3      | Found a sacrificial altar of Ru.
  2234 | D:3      | Found a burning altar of Makhleb.
  2512 | D:4      | Noticed Menkaure
  2522 | D:4      | HP: 3/36 [Menkaure/nerve-wracking pain (12)]
  2524 | D:4      | HP: 1/36 [Menkaure (2)]
  2526 | D:4      | Mangled by Menkaure

Levels and vault maps discovered:
D:1:      dpeg_arrival_rooms_a, layout_basic, chequers_mini_garden
D:2:      layout_rooms, nicolae_overflow_crystal_walls, zin_statuary,
          lemuel_crystal_altar
D:3:      layout_basic, chequers_temple_overflow_minitemple, first_ration
D:4:      layout_loops_ring, gammafunk_ghost_smash, uniq_natasha, uniq_duvessa,
          uniq_menkaure

Skill      XL: |  1  2  3  4 |
---------------+-------------+-----
Polearms       | 2 3 4 |  4.0
Hexes          | 1 |  1.4
Charms         | 3 |  3.1
Fighting       | |  1.7
Armour         | |  0.8
Dodging        | |  1.7
Spellcasting   | |  1.7

Action                   |  1- 3 |  4- 6 || total
-------------------------+-------+-------++-------
Melee: Spear             |   171 |    74 ||   245
 Cast: Infusion          |     4 |       ||     4
       Spectral Weapon   |       |     7 ||     7
  Use: Scroll            |     6 |       ||     6
       Potion            |       |     4 ||     4
 Stab: Sleeping          |     3 |       ||     3
  Eat: Ration            |     1 |       ||     1
       Chunk             |       |     3 ||     3
Armor: Leather armour    |    31 |    11 ||    42
Dodge: Dodged            |    85 |    45 ||   130

Table legend:
 A = Non-vault XP
 B = Vault XP
 C = Vault XP percentage of total XP
 D = Non-vault monster count
 E = Vault monster count
 F = Vault count percentage of total count
                 A         B        C        D         E       F
            +---------+---------+-------+---------+---------+-------
      Total |     183 |       0 |   0.0 |      68 |       0 |   0.0
            +---------+---------+-------+---------+---------+-------
        D:1 |      31 |       0 |   0.0 |      21 |       0 |   0.0
        D:2 |      67 |       0 |   0.0 |      19 |       0 |   0.0
        D:3 |      85 |       0 |   0.0 |      28 |       0 |   0.0
            +---------+---------+-------+---------+---------+-------

Levels and vault maps discovered:
D:1:      dpeg_arrival_rooms_a, layout_basic, chequers_mini_garden
D:2:      layout_rooms, nicolae_overflow_crystal_walls, zin_statuary,
          lemuel_crystal_altar
D:3:      layout_basic, chequers_temple_overflow_minitemple, first_ration
D:4:      layout_loops_ring, gammafunk_ghost_smash, uniq_natasha, uniq_duvessa,
          uniq_menkaure

Table legend:
 A = Turns spent in this place as a percentage of turns spent in the entire game.
 B = Non-inter-level travel turns spent in this place as a percentage of non-inter-level travel turns spent in the entire game.
 C = Inter-level travel turns spent in this place as a percentage of turns spent in this place.
 D = Turns resting spent in this place as a percentage of non-inter-level travel turns spent in this place.
 E = Turns spent auto-exploring this place as a percentage of non-inter-level travel turns spent in this place.
 F = Non-inter-level travel turns spent in this place divided by the number of levels of this place that you've seen.
                   A       B       C       D       E      F
               +-------+-------+-------+-------+-------+----------------------
         Total | 100.0 | 100.0 |   4.0 |  15.6 |  64.9 | 606.2
       Dungeon | 100.0 | 100.0 |   4.0 |  15.6 |  64.9 | 606.2
               +-------+-------+-------+-------+-------+----------------------

Table legend:
 A = Kills in this place as a percentage of kills in entire the game.
 B = Kills by you in this place as a percentage of kills by you in the entire game.
 C = Kills by friends in this place as a percentage of kills by friends in the entire game.
 D = Other kills in this place as a percentage of other kills in the entire game.
 E = Experience gained in this place as a percentage of experience gained in the entire game.
 F = Experience gained in this place divided by the number of levels of this place that you have seen.
                   A       B       C       D       E      F
               +-------+-------+-------+-------+-------+----------------------
         Total | 100.0 | 100.0 |   N/A |   N/A | 100.0 |  45.8
       Dungeon | 100.0 | 100.0 |   N/A |   N/A | 100.0 |  45.8
               +-------+-------+-------+-------+-------+----------------------
